 Dungeon Crawl Stone Soup version 0.22-a0-181-gb22368a (webtiles) character file.

27 Borgoz the Skirmisher (level 2, -2/27 HPs)
             Began as a Minotaur Abyssal Knight on Feb 14, 2018.
             Was a Follower of Lugonu.
             Slain by Sigmund
             ... wielding a +0 scythe of slicing
              (9 damage)
             ... on level 2 of the Dungeon.
             The game lasted 00:01:40 (905 turns).

Borgoz the Skirmisher (Minotaur Abyssal Knight)      Turns: 905, Time: 00:01:41

Health: -2/27      AC:  5    Str: 16    XL:     2   Next: 93%
Magic:  2/2        EV: 10    Int:  9    God:    Lugonu [*.....]
Gold:   41         SH:  0    Dex:  9    Spells: 1/1 levels left

rFire    . . .     SeeInvis .   a - +1 hand axe
rCold    . . .     Gourm    .   (no shield)
rNeg     . . .     Faith    .   d - +0 ring mail
rPois    .         Spirit   .   (helmet restricted)
rElec    .         Reflect  .   (no cloak)
rCorr    .         Harm     .   (no gloves)
MR       .....                  (no boots)
Stlth    ..........             (no amulet)
HPRegen  0.09/turn              (no ring)
MPRegen  0.08/turn              (no ring)

@: no status effects
A: retaliatory headbutt, horns 2
a: Depart the Abyss, Renounce Religion


You were on level 2 of the Dungeon.
You worshipped Lugonu.
Lugonu was aware of your devotion.
You were not hungry.

You visited 1 branch of the dungeon, and saw 2 of its levels.
You visited the Abyss 1 time.

You collected 41 gold pieces.

Inventory:

Hand Weapons
 a - a +1 hand axe (weapon)
Armour
 d - a +0 ring mail (worn)
Scrolls
 e - a scroll of enchant weapon {unknown}
 f - 2 scrolls of magic mapping {unknown}
 g - a scroll of fear {unknown}
 j - a scroll of remove curse {unknown}
 k - a scroll of teleportation {unknown}
Potions
 b - a potion of curing {unknown}
 h - a potion of resistance {unknown}
 i - a potion of lignification {unknown}
 l - a potion of heal wounds {unknown}
Comestibles
 c - 3 rations


   Skills:
 + Level 4.2 Fighting
 + Level 3.1 Axes
 + Level 2.7 Armour
 + Level 1.2 Dodging
 + Level 2.0 Invocations


You had one spell level left.
You didn't know any spells.

Dungeon Overview and Level Annotations

Branches:
Dungeon (2/15)

Altars:

Annotations:
D:2 Sigmund


Innate Abilities, Weirdness & Mutations

You reflexively headbutt those who attack you in melee.
You have a pair of horns on your head.


Message History

You are confused.
Sigmund hits you from afar with a scythe of slicing.
Sigmund breathes a few words.
Sigmund's hands start flickering wildly.
Sigmund closely misses you. Sigmund closely misses you.
The dart slug launches a dart at you. The slug dart hits you!
You're too confused to move!
You feel less confused. Sigmund misses you. Sigmund misses you.
You closely miss Sigmund. You hit Sigmund. Your headbutt misses Sigmund.
Sigmund is moderately wounded.
Sigmund gestures at you while chanting. The magic dart hits you!
* * * LOW HITPOINT WARNING * * *
Sigmund hits you with a scythe of slicing!
You die...

######### #.......#
#........ #.......#
############.....<..
#####.....)............#
......?...)###.........#
##..#..@w..#...#....†..#
#..@.$.#.###.......#
#...............####
..............#..##
............###...#
##...............##
#..........###..#
............


You could see Sigmund and a dart slug.

Vanquished Creatures
  A dart slug (D:1)
  A leopard gecko (D:2)
  3 bats (D:1)
  4 goblins
  2 hobgoblins (D:1)
  3 jackals (D:1)
  A frilled lizard (D:1)
  5 kobolds (D:1)
  3 rats (D:1)
23 creatures vanquished.

Notes
Turn   | Place    | Note
-------+----------+-------------------------------------------
     0 | Abyss:1  | Borgoz the Minotaur Abyssal Knight began the quest for the Orb.
     0 | Abyss:1  | Reached XP level 1. HP: 19/19 MP: 1/1
     2 | Abyss:1  | Found a corrupted altar of Lugonu.
    43 | Abyss:1  | Noticed a tentacled starspawn
    48 | D:1      | Escaped the Abyss
   163 | D:1      | Reached * piety under Lugonu
   163 | D:1      | Reached skill level 4 in Fighting
   164 | D:1      | Reached XP level 2. HP: 21/27 MP: 2/2
   892 | D:2      | Noticed Sigmund
   905 | D:2      | Slain by Sigmund

Vault maps used:
D:1:      denvon_arrival_hothouse, minmay_misc_feat_tiny
D:2:      uniq_sigmund, uniq_robin

Skill      XL: |  1  2 |
---------------+-------+-----
Fighting       | 4 |  4.2
Invocations    | 2 |  2.0
Axes           | 3 |  3.1
Armour         | |  2.7
Dodging        | |  1.2

Action                   || total
-------------------------++-------
Melee: Hand axe          ||    46
       Headbutt          ||     3
Invok: Depart the Abyss  ||     1
Armor: Ring mail         ||    24
Dodge: Dodged            ||    31

Table legend:
 A = Spawn XP
 B = Non-spawn XP
 C = Spawn XP percentage of total XP
 D = Spawn monster count
 E = Non-spawn monster count
 F = Spawn count percentage of total count
 G = Total turns spent on level
                    A         B        C        D         E        F      G
               +---------+---------+-------+---------+---------+-------+---------
         Total |       0 |      39 |   0.0 |       0 |      23 |   0.0 |   905
               +---------+---------+-------+---------+---------+-------+---------
           D:1 |       0 |      32 |   0.0 |       0 |      20 |   0.0 |   827
           D:2 |       0 |       7 |   0.0 |       0 |       3 |   0.0 |    30
               +---------+---------+-------+---------+---------+-------+---------
